 Dungeon Crawl Stone Soup version 0.23.2-1-ga50397a (webtiles) character file.

Game seed: 4677358171958836503

37793 troglodite the Spear-Bearer (level 13, 0/86 HPs)
             Began as a Demonspawn Skald on May 21, 2019.
             Was a Priest of Hepliaklqana.
             Hit by a javelin of returning thrown by a minotaur (27 damage)
             ... in a Gauntlet on May 22, 2019.
             The game lasted 01:16:22 (20877 turns).

troglodite the Spear-Bearer (Demonspawn Skald)     Turns: 20877, Time: 01:16:23

Health: 0/86       AC: 35    Str: 19    XL:     13   Next: 60%
Magic:  16/23      EV: 16    Int: 17    God:    Hepliaklqana [***...]
Gold:   628        SH:  5    Dex: 21    Spells: 18/25 levels left

rFire    . . .     SeeInvis .   G - +11 trident "Erairaes" {freeze, rElec Int+3}
rCold    + + .     Gourm    .   (no shield)
rNeg     . . .     Faith    .   D - +3 ring mail {rC+}
rPois    +         Spirit   .   B - +0 hat
rElec    +         Reflect  +   f - +1 cloak
rCorr    .         Harm     .   i - +0 pair of gloves
MR       .....     NoTele   +   P - +0 pair of boots
Stlth    +++.......             l - +5 amulet of reflection
HPRegen  1.24/turn              b - ring of Robustness {AC+8}
MPRegen  0.18/turn              z - ring "Usinoro" {rElec rPois Dex+5 Slay+2 Stlth+}

@: mighty, very slightly contaminated, regenerating (expiring)
A: reduced essence, antennae 1, icy blue scales 2, cold resistance 1, icemail,
powered by pain 2, freezing cloud immunity
a: Recall Ancestor, Ancestor Identity, Transference, Renounce Religion


You were in a Gauntlet.
You worshipped Hepliaklqana.
Hepliaklqana was most pleased with you.
You were not hungry.

You visited 3 branches of the dungeon, and saw 16 of its levels.
You also visited: Gauntlet.

You collected 1666 gold pieces.
You spent 1038 gold pieces at shops.

Inventory:

Hand Weapons
 q - a +6 whip of electrocution
 y - a +4 scimitar of flaming
 G - the +11 trident "Erairaes" (weapon) {freeze, rElec Int+3}
   (You found it on level 8 of the Dungeon)

   It has been specially enchanted to freeze those struck by it, causing extra
   injury to most foes and up to half again as much damage against particularly
   susceptible opponents.
   It can also slow down cold-blooded creatures.
   It affects your intelligence (+3).
   It insulates you from electricity.
Armour
 f - a +1 cloak (worn)
 g - a +1 leather armour of fire resistance
 i - a +0 pair of gloves (worn)
 w - a +0 large shield
 B - a +0 hat (worn)
 C - the +0 scale mail of Awe {Str+4 Int+3}
   (You found it on level 12 of the Dungeon)

   It affects your strength (+4).
   It affects your intelligence (+3).
 D - a +3 ring mail of cold resistance (worn)
 N - a +0 troll leather armour
 P - a +0 pair of boots (worn)
 U - the +0 cloak of Broken Taboos {+Fly rPois}
   (You found it in a Gauntlet)

   It protects you from poison.
   It lets you fly.
Magical Staves
 T - an uncursed staff of power
Jewellery
 b - the ring of Robustness (left hand) {AC+8}
   (You found it in a Gauntlet)

   [ring of protection]

   It affects your AC (+8).
 h - an uncursed ring of see invisible
 l - a +5 amulet of reflection (around neck)
 z - the ring "Usinoro" (right hand) {rElec rPois Dex+5 Slay+2 Stlth+}
   (You bought it in a shop on level 2 of the Orcish Mines)

   [ring of stealth]

   It affects your dexterity (+5).
   It affects your accuracy and damage with ranged weapons and melee attacks
   (+2).
   It insulates you from electricity.
   It protects you from poison.
   It makes you more stealthy.
 A - an uncursed ring of fire
 I - a +4 ring of strength
 J - an uncursed ring of flight
 Q - a +3 ring of strength
 S - an uncursed ring of protection from fire
Wands
 m - a wand of disintegration (11)
 o - a wand of flame (14)
 t - a wand of acid (13)
 x - a wand of random effects (28)
 F - a wand of paralysis (11)
 K - a wand of clouds (3)
Scrolls
 e - 2 scrolls of fog
 p - a scroll of magic mapping
 u - a scroll of silence
 v - a scroll of amnesia
 L - a scroll of remove curse
 O - a scroll of acquirement {unknown}
Potions
 a - 2 potions of haste
 c - 3 potions of agility
 j - 3 potions of brilliance
 k - a potion of ambrosia
 r - 4 potions of curing
 s - a potion of magic
 H - a potion of lignification {unknown}
 M - a potion of mutation
Comestibles
 d - 16 rations
 R - 4 chunks of flesh


   Skills:
 * Level 7.4 Fighting
 + Level 2.8 Long Blades
 - Level 5.9 Maces & Flails
 * Level 9.2 Polearms
 * Level 7.8 Armour
 * Level 6.9 Dodging
 + Level 2.3 Stealth
 * Level 5.5 Shields
 * Level 6.8 Spellcasting
 * Level 7.2 Hexes
 * Level 7.4 Charms
 * Level 7.3 Necromancy


You had 18 spell levels left.
You knew the following spells:

 Your Spells              Type           Power        Failure   Level  Hunger
a - Infusion              Chrm           ####         1%          1    None
b - Spectral Weapon       Hex/Chrm       ####....     2%          3    ##.....
c - Regeneration          Chrm/Necr      ####......   2%          3    ##.....

Your spell library contained the following spells:

 Spells                   Type           Power        Failure   Level  Hunger
 Corona                   Hex            ####...      1%          1    None
 Song of Slaying          Chrm           ####....     1%          2    None
 Confuse                  Hex            ####....     3%          3    ##.....
 Tukima's Dance           Hex            ####....     3%          3    ##.....
 Ensorcelled Hibernation  Hex/Ice        ###...       6%          2    None
 Shroud of Golubria       Chrm/Tloc      ###.......   6%          2    None
 Dazzling Spray           Conj/Hex       ###...       13%         3    ##.....


Dungeon Overview and Level Annotations

Branches:
Dungeon (13/15) Temple (1/1) D:7 Lair (0/6) D:11 Orc (2/2) D:9 Elf (0/3) Orc:2 Vaults (0/5) D:12 D:13

Altars:
Cheibriados
Dithmenos
Elyvilon
Fedhas
Gozag
Hepliaklqana
Kikubaaqudgha
Makhleb
Nemelex Xobeh
Okawaru
Qazlal
Ru
Sif Muna
Trog
Uskayaw
Vehumet
Wu Jian
Xom
Yredelemnul
Zin
The Shining One
Beogh
Lugonu

Shops:
D:4 [   Orc:2 :**([

Annotations:
D:10 4 runed translucent doors Gauntlet 6 transporters


Innate Abilities, Weirdness & Mutations

You have a pair of small antennae on your head.
You are mostly covered in icy blue scales. (AC +3)
Your flesh is cold resistant. (rC+)
A meltable icy envelope protects you from harm. (AC +10)
You sometimes gain power by taking damage.
You are immune to freezing clouds.
Your life essence is reduced to manifest your ancestor. (-10% HP)


Message History

Blink to where?
Press: ? - help, Dir - move target cursor, p - minotaur You are very lightly contaminated with residual magic.
As you read the scroll of blinking, it crumbles to dust.
Casting: Spectral Weapon (safe; 2% risk of failure)
Confirm with . or Enter, or press ? or * to list all spells.
Your skin crawls.
The minotaur throws a javelin of returning.
The javelin of returning hits you but does no damage.
The weapon returns to the minotaur!
You swap places.
Your skin is crawling a little less now.
The minotaur throws a javelin of returning.
The javelin of returning misses your spectral weapon.
The javelin of returning closely misses you.
The weapon returns to the minotaur!
The minotaur throws a javelin of returning.
The javelin of returning closely misses your spectral weapon.
The javelin of returning hits you!!
You die...

.##.##..#..#
##...##.#..#####
#.....#.#..#≈8≈#
...©...©#..#...########
#.....#.#..#.8...H....#
##...##.#..#..H###.##.##
.##.##..#..#.8........8#
........#..#...#(#.....#
#########..#...#@#.#########
..........§#.©.#...#8.8(8}8#
..........∩#...###.'.(.H..∩#
..........≈#.©.#...#8.8[8/8#
#########..#...#.#.#########
.#.#E#°##..#...#.#.....#
#..#.○#R#..#.8........8#
##.#☼.E##..#...###.##.##
.#.####E#..#.8........#


You could see a minotaur and a friendly spectral +11 trident "Erairaes" {freeze,
rElec Int+3}.

Vanquished Creatures
  Gastronok (D:11)
  Snorg (D:12)
  Harold (D:7)
  A hydra (D:11)
  Erica (D:10)
  3 two-headed ogres
  A centaur warrior (D:13)
  2 skeletal warriors (D:12)
  A wizard (Gauntlet)
  Pikel (D:7)
  6 orc knights
  An orc sorcerer (Orc:1)
  Maurice (D:11)
  A centaur zombie (D:11)
  An ice statue (Gauntlet)
  An elephant (D:11)
  A rime drake (Gauntlet)
  2 ice devils (Gauntlet)
  A hornet (D:9)
  2 trolls
  Grinder (D:3)
  3 hippogriffs
  A redback (shapeshifter) (D:13)
  A wyvern (D:12)
  2 basilisks
  13 humans
  6 yaks (D:11)
  7 hogs
  A steam dragon (D:12)
  A hungry ghost (D:12)
  2 wargs (Orc:2)
  A sky beast (D:10)
  3 ice beasts
  27 orc warriors
  4 phantoms
  12 ogres
  2 centaurs
  2 crocodiles
  7 big kobolds (D:9)
  3 gnoll sergeants (D:9)
  6 bullfrogs
  A wyvern skeleton (D:10)
  A water moccasin skeleton (D:4)
  6 killer bees (D:10)
  3 scorpions
  A wight (D:12)
  2 howler monkeys
  3 electric eels
  3 crimson imps
  A bullfrog zombie (D:12)
  4 orc priests
  5 hounds
  2 bullfrog skeletons
  2 centaur skeletons
  3 iguanas
  22 orc wizards
  12 worker ants
  2 hound skeletons
  2 hound zombies
  A worker ant zombie (D:8)
  12 gnolls
  24 adders
  2 shadow imps
  A white imp (Gauntlet)
  3 oozes
  An adder zombie (D:6)
  2 adder skeletons
  3 dart slugs
  A worm (D:2)
  6 leopard geckos
  73 orcs
  A giant cockroach (D:2)
  11 goblins
  9 hobgoblins
  2 quokkas
  A ball python (D:5)
  5 bats
  3 frilled lizards
  11 kobolds
  8 rats
  A plant (Gauntlet)
391 creatures vanquished.

Vanquished Creatures (collateral kills)
  A blizzard demon (Gauntlet)
  2 skeletal warriors (D:12)
  An unseen horror (D:12)
  4 orc knights
  A manticore (D:12)
  A centaur zombie (D:12)
  A troll (Orc:2)
  A shadow (D:12)
  A hog (D:12)
  2 humans (D:13)
  A hungry ghost (D:12)
  2 wargs (Orc:2)
  12 orc warriors
  2 ogres (Orc:2)
  A centaur (D:12)
  An eye of draining (D:12)
  A bullfrog (D:13)
  3 wights (D:12)
  A bullfrog zombie (D:13)
  3 hounds (D:12)
  A centaur skeleton (D:12)
  A jelly (D:11)
  A bullfrog skeleton (D:11)
  An iguana (D:12)
  2 orc wizards
  An adder (D:12)
  A white imp (Gauntlet)
  9 orcs
  2 plants (Gauntlet)
61 creatures vanquished.

Vanquished Creatures (others)
  Kirke (D:12)
  A slave (D:7)
  6 battlemagi
  A hound (D:7)
  3 ancestors (D:11)
  2 orcs (D:7)
  4 demonic plants (Gauntlet)
  A fungus (D:11)
  11 spectral weapons
30 creatures vanquished.

Grand Total: 482 creatures vanquished

Notes
Turn   | Place    | Note
-------+----------+-------------------------------------------
     0 | D:1      | troglodite the Demonspawn Skald began the quest for the
                  | Orb.
     0 | D:1      | Reached XP level 1. HP: 16/16 MP: 3/3
   111 | D:1      | Reached skill level 1 in Armour
   491 | D:1      | Gained mutation: You are partially covered in icy blue
                  | scales. (AC +2) [demonic ancestry]
   491 | D:1      | Reached XP level 2. HP: 21/22 MP: 5/5
   809 | D:2      | Gained mutation: Your flesh is cold resistant. (rC+)
                  | [demonic ancestry]
   809 | D:2      | Reached XP level 3. HP: 27/27 MP: 6/6
  1168 | D:2      | Gained mutation: You have a pair of small antennae on your
                  | head. [demonic ancestry]
  1168 | D:2      | Reached XP level 4. HP: 27/33 MP: 7/7
  1527 | D:2      | Learned a level 3 spell: Spectral Weapon
  1531 | D:2      | Learned a level 3 spell: Regeneration
  2404 | D:3      | Noticed a centaur
  2700 | D:3      | Killed a centaur
  2700 | D:3      | Gained mutation: You sometimes gain a little power by
                  | taking damage. [demonic ancestry]
  2700 | D:3      | Reached XP level 5. HP: 14/39 MP: 2/8
  2701 | D:3      | Found a burning altar of Makhleb.
  2895 | D:3      | Noticed Grinder
  3403 | D:3      | Found a shadowy altar of Dithmenos.
  3538 | D:3      | Reached skill level 1 in Hexes
  3850 | D:3      | Killed Grinder
  3850 | D:3      | Reached skill level 1 in Necromancy
  3850 | D:3      | Reached XP level 6. HP: 26/46 MP: 2/10
  4446 | D:3      | Found a hazy altar of Hepliaklqana.
  4785 | D:4      | Gained mutation: You sometimes gain power by taking damage.
                  | [demonic ancestry]
  4785 | D:4      | Reached XP level 7. HP: 42/51 MP: 11/11
  5166 | D:4      | Reached skill level 1 in Maces & Flails
  5847 | D:4      | Found Icsim's Antique Armour Boutique.
  5900 | D:4      | Found a deep blue altar of Sif Muna.
  5962 | D:4      | Bought a shimmering robe for 153 gold pieces
  6040 | D:5      | Entered Level 5 of the Dungeon
  6160 | D:5      | Reached XP level 8. HP: 51/58 MP: 12/12
  6270 | D:5      | Found a stormy altar of Qazlal.
  6472 | D:5      | Found a sacrificial altar of Ru.
  6503 | D:5      | Found a snail-covered altar of Cheibriados.
  6503 | D:5      | Found a glowing golden altar of the Shining One.
  7321 | D:6      | Found a hide-covered altar of Uskayaw.
  7701 | D:6      | Reached skill level 5 in Armour
  7732 | D:7      | Noticed Pikel
  7741 | D:7      | Killed Pikel
  7741 | D:7      | Reached skill level 1 in Shields
  7741 | D:7      | Reached XP level 9. HP: 52/65 MP: 9/14
  7838 | D:7      | Found a bloodstained altar of Trog.
  7888 | D:7      | Found a staircase to the Ecumenical Temple.
  7900 | Temple   | Entered the Ecumenical Temple
  8079 | D:7      | Noticed Harold
  8098 | D:7      | Killed Harold
  8506 | D:7      | Found a shimmering altar of Xom.
  8610 | D:7      | Found an ornate altar of the Wu Jian Council.
  8619 | D:7      | Reached skill level 5 in Maces & Flails
  8768 | D:7      | Found a white marble altar of Elyvilon.
  8890 | D:7      | Gained mutation: You are immune to freezing clouds.
                  | [demonic ancestry]
  8890 | D:7      | Reached XP level 10. HP: 30/73 MP: 3/16
  9157 | D:7      | Found a blossoming altar of Fedhas.
  9350 | D:8      | Found an iron altar of Okawaru.
  9409 | D:8      | Reached skill level 5 in Charms
  9552 | D:8      | Got a crude trident
  9556 | D:8      | Identified the +11 trident "Erairaes" {freeze, rElec Int+3}
                  | (You found it on level 8 of the Dungeon)
  9685 | D:8      | Found a bloodstained altar of Trog.
  9873 | D:9      | Reached skill level 1 in Polearms
  9878 | D:9      | Paralysed by a hornet for 1 turns
  9882 | D:9      | Reached skill level 5 in Dodging
 10177 | D:9      | Found a staircase to the Orcish Mines.
 10189 | D:9      | Reached skill level 2 in Polearms
 10476 | D:9      | Reached skill level 1 in Stealth
 10865 | D:9      | Reached skill level 5 in Fighting
 11638 | D:9      | Reached skill level 3 in Polearms
 11724 | D:9      | Identified the +2 robe of the Bulwark {Stlth+} (You bought
                  | it in a shop on level 4 of the Dungeon)
 11745 | D:10     | Entered Level 10 of the Dungeon
 11893 | D:10     | Reached skill level 5 in Hexes
 12448 | D:10     | Reached skill level 5 in Spellcasting
 12549 | D:10     | Gained mutation: A meltable icy envelope protects you from
                  | harm. (AC +10) [demonic ancestry]
 12549 | D:10     | Reached XP level 11. HP: 74/79 MP: 18/18
 12753 | D:10     | Found a huge runed translucent gate.
 12753 | D:10     | Found a huge runed translucent gate.
 12753 | D:10     | Found a huge runed translucent gate.
 12753 | D:10     | Found a huge runed translucent gate.
 12787 | D:10     | Noticed Erica
 12799 | D:10     | Killed Erica
 12799 | D:10     | Reached skill level 4 in Polearms
 13338 | D:3      | Became a worshipper of Hepliaklqana the Forgotten
 13398 | D:4      | Bought a pair of gloves for 121 gold pieces
 13644 | D:11     | Noticed a two-headed ogre
 13655 | D:11     | Killed a two-headed ogre
 14083 | D:11     | Noticed Maurice
 14088 | D:11     | Killed Maurice
 14088 | D:11     | Reached skill level 5 in Polearms
 14185 | D:11     | Noticed a seven-headed hydra
 14192 | D:11     | Killed a seven-headed hydra
 14192 | D:11     | Reached skill level 5 in Necromancy
 14224 | D:11     | Found a staircase to the Lair.
 14455 | D:11     | Noticed Gastronok
 14468 | D:11     | Killed Gastronok
 14468 | D:11     | Reached skill level 6 in Polearms
 14630 | D:11     | Reached * piety under Hepliaklqana
 15589 | Orc:1    | Entered Level 1 of the Orcish Mines
 15609 | Orc:1    | Found a roughly hewn altar of Beogh.
 15946 | Orc:1    | Noticed an orc knight
 15953 | Orc:1    | Killed an orc knight
 15953 | Orc:1    | Gained mutation: You are mostly covered in icy blue scales.
                  | (AC +3) [demonic ancestry]
 15953 | Orc:1    | Reached XP level 12. HP: 49/79 MP: 20/20
 16346 | Orc:2    | Entered Level 2 of the Orcish Mines
 16475 | Orc:2    | Reached ** piety under Hepliaklqana
 16490 | Orc:2    | Remembered your ancestor Belessunu as a battlemage
 16508 | Orc:2    | Found a staircase to the Elven Halls.
 16884 | Orc:2    | Reached skill level 7 in Polearms
 16919 | Orc:2    | Found Ymiu's General Store.
 18000 | Orc:2    | HP: 4/80 [orc warrior/+0 dire flail (9)]
 18381 | Orc:2    | Found Qoacyt's General Store.
 18381 | Orc:2    | Found Diddus's Book Shop.
 18445 | Orc:2    | Found a roughly hewn altar of Beogh.
 18753 | Orc:2    | Found Ucaisir's Armour Shoppe.
 18753 | Orc:2    | Found Tuqem's Weapon Shop.
 19101 | Orc:2    | Bought the ring "Usinoro" {rElec rPois Dex+5 Slay+2 Stlth+}
                  | for 764 gold pieces
 19445 | D:12     | Noticed a two-headed ogre
 19453 | D:12     | Killed a two-headed ogre
 19453 | D:12     | Reached skill level 8 in Polearms
 19483 | D:12     | Got a jewelled scale mail
 19494 | D:12     | Identified the +0 scale mail of Awe {Str+4 Int+3} (You
                  | found it on level 12 of the Dungeon)
 19524 | D:12     | Noticed Kirke
 19544 | D:12     | Killed Kirke
 19628 | D:12     | Reached XP level 13. HP: 72/85 MP: 22/22
 19650 | D:12     | Reached skill level 5 in Shields
 20056 | D:12     | Noticed Snorg
 20067 | D:12     | Killed Snorg
 20332 | D:13     | Found a gate to the Vaults.
 20435 | D:13     | Reached skill level 9 in Polearms
 20467 | D:13     | Found a gate leading to a gauntlet.
 20475 | Gauntlet | Entered a Gauntlet
 20475 | Gauntlet | Found a transporter.
 20475 | Gauntlet | Found a transporter.
 20499 | Gauntlet | Found a transporter.
 20500 | Gauntlet | Found the ring of Robustness {AC+8}
 20503 | Gauntlet | Found a transporter.
 20525 | Gauntlet | Found a transporter.
 20525 | Gauntlet | Found a transporter.
 20540 | Gauntlet | Noticed a blizzard demon
 20541 | Gauntlet | Found a transporter.
 20563 | Gauntlet | Found the brooch of Shielding {Reflect SH+8}
 20565 | Gauntlet | Found a transporter.
 20601 | Gauntlet | Found a transporter.
 20604 | Gauntlet | Found a transporter.
 20611 | Gauntlet | Reached *** piety under Hepliaklqana
 20619 | Gauntlet | Found a transporter.
 20623 | Gauntlet | Found a transporter.
 20742 | Gauntlet | Killed a blizzard demon
 20767 | Gauntlet | Got a shimmering cloak
 20779 | Gauntlet | Identified the cursed +0 cloak of Broken Taboos {+Fly
                  | rPois} (You found it in a Gauntlet)
 20847 | Gauntlet | Identified the cursed +3 war axe of Bofa {chop, rF+ Int+5}
 20847 | Gauntlet | Identified the +4 scale mail of Peek-a-Boo {MR+ Slay+3}
 20847 | Gauntlet | Identified the +5 shield of Vooklavi {Int-3 Dex+6}
 20847 | Gauntlet | Noticed a minotaur
 20877 | Gauntlet | Hit by a javelin of returning thrown by a minotaur

Skill      XL: |  1  2  3  4  5  6  7  8  9 10 11 12 13 |
---------------+----------------------------------------+-----
Armour         | 1 2 3 4 5 6 7 |  7.8
Charms         | 3 4 5 6 7 |  7.4
Dodging        | 2 3 4 5 6 |  6.9
Long Blades    | 2 |  2.8
Hexes          | 1 2 3 4 5 6 7 |  7.2
Necromancy     | 1 2 3 4 5 6 7 |  7.3
Fighting       | 3 4 5 6 7 |  7.4
Maces & Flails | 2 4 5 |  5.9
Spellcasting   | 3 4 5 6 |  6.8
Shields        | 1 2 3 4 5 |  5.5
Polearms       | 3 6 8 9 |  9.2
Stealth        | 1 2 |  2.3

Action                   |  1- 3 |  4- 6 |  7- 9 | 10-12 | 13-15 || total
-------------------------+-------+-------+-------+-------+-------++-------
Melee: Falchion          |    76 |   169 |       |       |       ||   245
       Whip              |       |    52 |   294 |    61 |       ||   407
       Trident           |       |       |       |   664 |   135 ||   799
 Cast: Infusion          |       |     3 |     5 |     2 |       ||    10
       Spectral Weapon   |       |       |       |    22 |     9 ||    31
       Regeneration      |       |       |       |    10 |     8 ||    18
Invok: Ancestor Life: Ba |       |       |       |     1 |       ||     1
       Recall Ancestor   |       |       |       |       |     1 ||     1
  Use: Potion            |       |     2 |     4 |     1 |       ||     7
       Scroll            |       |     9 |    12 |    11 |     5 ||    37
 Stab: Sleeping          |       |     1 |       |     1 |     1 ||     3
       Distracted        |       |       |       |     9 |     2 ||    11
  Eat: Chunk             |     1 |     8 |    13 |    23 |     3 ||    48
       Ration            |       |     1 |       |     4 |     1 ||     6
Armor: Leather armour    |    21 |     3 |       |       |       ||    24
       Ring mail         |       |   110 |    80 |   272 |    73 ||   535
Dodge: Dodged            |    61 |   164 |   135 |   403 |   124 ||   887
Block: Other             |       |       |    54 |   170 |    47 ||   271
       Reflection        |       |       |       |    15 |     1 ||    16
       Rpst.: Falchion   |    24 |    29 |       |       |       ||    53
